 Dungeon Crawl Stone Soup version 0.31-a0-202-g547052bce9 (webtiles) character file.

Game seed: 182838264722246087

821 qw the Skirmisher (level 7, -1/40 HPs)
             Began as a Deep Elf Hunter on June 26, 2023.
             Slain by a killer bee (2 damage)
             ... on level 5 of the Dungeon.
             The game lasted 00:01:27 (3760 turns).

qw the Skirmisher (Deep Elf Hunter)                 Turns: 3760, Time: 00:01:28

Health: -1/40      AC:  8    Str:  9 (10) XL:     7   Next: 63%
Magic:  9/9        EV: 11    Int: 13 (14) God:
Gold:   231        SH:  0    Dex: 16 (18) Spells: 6/6 levels left

rFire   . . .        a - +0 orcbow
rCold   . . .        (shield currently unavailable)
rNeg    . . .        k - +0 ring mail
rPois   .            (no helmet)
rElec   .            (no cloak)
rCorr   .            (no gloves)
SInv    .            e - +2 pair of boots
Will    .....        (no amulet)
Stlth   +            (no ring)
HPRegen 0.26/turn    (no ring)
MPRegen 0.11/turn

%: no passive effects
@: lethally poisoned (-1 -> -22)
A: no striking features
a: no special abilities


You were on level 5 of the Dungeon.
You visited 1 branch of the dungeon, and saw 5 of its levels.

You collected 231 gold pieces.


   Skills:
 - Level 2.0 Fighting
 + Level 11.8 Ranged Weapons
 - Level 1.1 Armour
 - Level 3.0 Dodging
 - Level 1.2 Stealth


You had 6 spell levels left.
You didn't know any spells.
Your spell library was empty.

Inventory:

Hand Weapons
 a - a +0 orcbow (weapon)
Armour
 e - a +2 pair of boots (worn)
 i - the +0 leather armour "Dudeideh" {Harm}
   (You found it on level 5 of the Dungeon)

   Harm:      It increases damage dealt and taken.
 j - +0 ice dragon scales
 k - a +0 ring mail (worn)
Wands
 c - a wand of digging (1)
Scrolls
 h - a scroll of fear {unknown}
Potions
 b - a potion of might {unknown}
 d - 4 potions of curing
 f - 2 potions of enlightenment
 g - 2 potions of experience {unknown}
 l - a potion of cancellation
 m - a potion of attraction {unknown}
 n - a potion of resistance
 o - a potion of magic {unknown}

Dungeon Overview and Level Annotations

Branches:
Dungeon (5/15)             Temple (0/1) D:4

Altars:
Qazlal

Shops:
D:2 (=[

Annotations:
D:5 1 runed translucent door, Crazy Yiuf


Message History

You shoot an arrow. The arrow barely misses the killer bee.
The killer bee buzzes angrily.
A killer bee comes into view. x2
The killer bee stings you.
You shoot an arrow.
The arrow closely misses the killer bee.
The killer bee buzzes angrily.
The killer bee barely misses you. x2
You shoot an arrow. The arrow misses the killer bee.
The killer bee stings you.
You shoot an arrow. The arrow misses the killer bee.
The killer bee stings you. x2
You are poisoned.
The killer bee poisons you! The killer bee barely misses you.
The killer bee stings you but does no damage.
The killer bee stings you.
You shoot an arrow. The arrow hits the killer bee!
The killer bee is severely wounded.
You feel sick. The killer bee stings you. x2
You are more poisoned.
The killer bee poisons you! The killer bee barely misses you.
The killer bee stings you.
A killer bee comes into view.
The killer bee barely misses you. x2
You shoot an arrow. The arrow hits the killer bee!
You kill the killer bee!
You feel sick. The killer bee stings you. The killer bee barely misses you.
The killer bee stings you but does no damage.
The killer bee closely misses you.
The killer bee stings you but does no damage.
You shoot an arrow.
The arrow closely misses the killer bee.
You feel sick. The killer bee stings you.
You are lethally poisoned!
The killer bee poisons you! The killer bee stings you.
You are more poisoned.
The killer bee poisons you!
The killer bee stings you but does no damage.
The killer bee stings you.
You die...

.#.#
#.######).....#
.#.#
#........###
.#.# #.########
##.#
#.############
....
#.##.........#
...#
#.##.:.......#
###
#.##.........#
#.##...y.....+
#.##..@y.=...#
#.###'#y......
#.# #.#y######
#.# #.#.# #.#
#.#.# #.# #.#<[
#.# #.#.# #.
..#.# #.#.#
#.##...#.# #.#


You could see 4 killer bees.

Vanquished Creatures
  Menkaure (D:5)
  Duvessa (D:5)
  A phantom (D:4)
  A scorpion (D:5)
  A killer bee (D:5)
  Dowan (D:5)
  2 hounds (D:4)
  A jelly (D:4)
  A bullfrog zombie (D:4)
  An orc wizard (D:4)
  An iguana (D:5)
  A hound zombie (D:4)
  3 gnolls (D:3)
  5 adders
  2 adder zombies (D:4)
  A worm (D:2)
  4 dart slugs
  4 orcs (D:4)
  11 ball pythons
  5 bats
  6 endoplasms
  3 giant cockroaches
  A goblin (D:2)
  8 hobgoblins
  3 jackals (D:1)
  5 kobolds
  6 quokkas
  3 frilled lizards
  A quokka skeleton (D:4)
  9 rats
93 creatures vanquished.

Notes
Turn   | Place    | Note
-------+----------+-------------------------------------------
     0 | D:1      | qw the Deep Elf Hunter began the quest for the Orb.
     0 | D:1      | Reached XP level 1. HP: 12/12 MP: 3/3
     0 | D:1      | 0 ||| qw: Version: 0.3-a-22-g0ed2b0b
     0 | D:1      | 0 ||| qw: Game counter: 5939
     0 | D:1      | 0 ||| qw: Melee chars always use a shield: true
     0 | D:1      | 0 ||| qw: God list: Okawaru
     0 | D:1      | 0 ||| qw: Allow faded altars: false
     0 | D:1      | 0 ||| qw: Do Orc after clearing Dungeon:15 true
     0 | D:1      | 0 ||| qw: Do second Lair branch before Depths: true
     0 | D:1      | 0 ||| qw: Lair rune preference: random
     0 | D:1      | 0 ||| qw: Goals: Normal
     0 | D:1      | 0 ||| PLANNING D:1-11
   233 | D:1      | Reached skill level 6 in Ranged Weapons
   233 | D:1      | Reached XP level 2. HP: 9/16 MP: 4/4
   291 | D:1      | Found a faded altar of an unknown god.
   292 | D:1      | 292 ||| Stepping ~*~*~tactically~*~*~ (water).
   294 | D:1      | 294 ||| FLEEEEING.
   508 | D:1      | Reached XP level 3. HP: 18/20 MP: 5/5
   664 | D:1      | 664 ||| UPGRADING to +2 pair of boots.
   669 | D:1      | 669 ||| READING scroll labelled EXKINA JUBEBALAQ.
   670 | D:1      | 670 ||| DRINKING 2 blue potions.
   671 | D:1      | 671 ||| DROPPING scroll of butterflies.
   935 | D:2      | Found Wacor's Jewellery Shop.
   942 | D:2      | 942 ||| SHOPLISTING +6 ring of dexterity (432 gold, have
                  | 81).
   942 | D:2      | 942 ||| SHOPLISTING amulet of faith (480 gold, have 81).
   942 | D:2      | 942 ||| SHOPLISTING amulet of regeneration (360 gold, have
                  | 81).
   942 | D:2      | 942 ||| SHOPLISTING ring of fire (300 gold, have 81).
   942 | D:2      | 942 ||| SHOPLISTING ring of ice (300 gold, have 81).
   942 | D:2      | 942 ||| SHOPLISTING ring of protection from cold (300 gold,
                  | have 81).
   942 | D:2      | 942 ||| SHOPLISTING ring of see invisible (180 gold, have
                  | 81).
   942 | D:2      | 942 ||| SHOPLISTING ring of willpower (300 gold, have 81).
  1094 | D:2      | Reached skill level 7 in Ranged Weapons
  1100 | D:2      | Found Ruamar's Weapon Boutique.
  1109 | D:2      | 1109 ||| SHOPLISTING +2 orcbow of freezing (237 gold, have
                  | 93).
  1382 | D:2      | Found Wifrill's Armour Emporium.
  1391 | D:2      | 1391 ||| SHOPLISTING +3 Mad Mage's Maulers {Infuse+∞ VampMP
                  | -Cast} (560 gold, have 124).
  1510 | D:2      | 1510 ||| UPGRADING to +0 ring mail.
  1520 | D:2      | 1520 ||| DROPPING +0 leather armour.
  1521 | D:2      | 1521 ||| READING scroll labelled TUEMEFRYOSI.
  1522 | D:2      | 1522 ||| READING scroll labelled RONUJI OFEKK.
  1527 | D:2      | 1527 ||| READING scroll labelled PUUW EXIW LOFU.
  1699 | D:3      | 1699 ||| Stepping ~*~*~tactically~*~*~ (outnumbered).
  1701 | D:3      | Reached XP level 4. HP: 25/25 MP: 6/6
  1822 | D:3      | Reached skill level 8 in Ranged Weapons
  2107 | D:3      | 2107 ||| DROPPING scarf of invisibility.
  2108 | D:3      | 2108 ||| READING scroll labelled TIPAHE VAYBUPN.
  2109 | D:3      | 2109 ||| READING scroll labelled YBOM TOYMUA.
  2110 | D:3      | 2110 ||| DRINKING 2 purple potions.
  2111 | D:3      | 2111 ||| DRINKING 2 yellow potions.
  2184 | D:4      | Reached XP level 5. HP: 28/29 MP: 7/7
  2189 | D:4      | Noticed a phantom
  2203 | D:4      | HP: 7/29 [phantom (1)]
  2204 | D:4      | 2204 ||| READING scroll of teleportation.
  2226 | D:4      | 2226 ||| FLEEEEING.
  2227 | D:4      | 2227 ||| FLEEEEING.
  2228 | D:4      | 2228 ||| FLEEEEING.
  2229 | D:4      | 2229 ||| FLEEEEING.
  2230 | D:4      | 2230 ||| FLEEEEING.
  2231 | D:4      | 2231 ||| FLEEEEING.
  2232 | D:4      | 2232 ||| FLEEEEING.
  2233 | D:4      | 2233 ||| FLEEEEING.
  2234 | D:4      | 2234 ||| FLEEEEING.
  2235 | D:4      | 2235 ||| FLEEEEING.
  2236 | D:4      | 2236 ||| FLEEEEING.
  2237 | D:4      | 2237 ||| FLEEEEING.
  2238 | D:4      | 2238 ||| FLEEEEING.
  2239 | D:4      | 2239 ||| FLEEEEING.
  2240 | D:4      | 2240 ||| FLEEEEING.
  2244 | D:4      | 2244 ||| FLEEEEING.
  2246 | D:4      | 2246 ||| FLEEEEING.
  2247 | D:4      | 2247 ||| STAIRDANCE
  2307 | D:4      | Killed a phantom
  2308 | D:4      | Reached skill level 9 in Ranged Weapons
  2349 | D:4      | Reached XP level 6. HP: 35/35 MP: 8/8
  2475 | D:4      | 2475 ||| SWAPPING to +0 orcbow.
  2489 | D:4      | Reached skill level 10 in Ranged Weapons
  2504 | D:4      | Reached skill level 3 in Dodging
  2530 | D:4      | 2530 ||| DROPPING +0 shortbow.
  2537 | D:4      | Found a stormy altar of Qazlal.
  2538 | D:4      | Noticed a fire elemental
  2540 | D:4      | Noticed an air elemental
  2540 | D:4      | Noticed a water elemental
  2743 | D:4      | Found a staircase to the Ecumenical Temple.
  2744 | D:4      | 2744 ||| PLANNING TEMPLE
  2922 | D:4      | 2922 ||| DRINKING 2 fizzy ruby potions.
  2923 | D:4      | 2923 ||| DRINKING 2 fizzy orange potions.
  2924 | D:4      | 2924 ||| DRINKING 2 orange potions.
  2925 | D:4      | 2925 ||| DROPPING potion of degeneration.
  2943 | D:5      | Entered Level 5 of the Dungeon
  2953 | D:5      | Reached skill level 1 in Armour
  3083 | D:5      | Identified the +0 leather armour "Dudeideh" {Harm}
  3209 | D:5      | Found a runed translucent door.
  3210 | D:5      | Noticed Crazy Yiuf
  3330 | D:5      | Noticed Dowan
  3332 | D:5      | Noticed Duvessa
  3333 | D:5      | 3333 ||| Stepping ~*~*~tactically~*~*~ (outnumbered).
  3342 | D:5      | HP: 8/35 [Duvessa/+0 rapier (8)]
  3343 | D:5      | 3343 ||| DRINKING potion of heal wounds.
  3347 | D:5      | HP: 7/35 [Duvessa/+0 rapier (2)]
  3350 | D:5      | Killed Duvessa
  3351 | D:5      | Reached XP level 7. HP: 6/40 MP: 9/9
  3354 | D:5      | Killed Dowan
  3355 | D:5      | Reached skill level 11 in Ranged Weapons
  3503 | D:5      | Noticed Menkaure
  3514 | D:5      | HP: 7/40 [Menkaure (6)]
  3515 | D:5      | Killed Menkaure
  3759 | D:5      | HP: 9/40 [killer bee (3)]
  3760 | D:5      | HP: 1/40 [killer bee (5)]
  3760 | D:5      | Slain by a killer bee

Levels and vault maps discovered:
D:1:      minmay_arrival_four_houses, layout_basic,
          shapermc_ecumenical_altar_mp_ritualfount
D:2:      layout_loops_corners, serial_shops, shop, shop_statue, shop,
          minmay_pentomino_u2
D:3:      layout_basic, minmay_misc_feat_roman
D:4:      layout_basic, nicolae_qazlal_style_of_elements,
          minmay_temple_entry_from_below_b, serial_undead, serial_undead_f,
          serial_undead_b, serial_undead_b, serial_undead_c, serial_undead_c,
          minmay_misc_feat_four_crosses, grunt_ministairs_14, minmay_bisected
D:5:      layout_basic, uniq_menkaure, uniq_duvessa, uniq_crazy_yiuf_cottage

Skill      XL: |  1  2  3  4  5  6  7 |
---------------+----------------------+-----
Ranged Weapons | 6 7 8 9 10 11 | 11.8
Fighting       | 2 |  2.0
Dodging        | 3 |  3.0
Armour         | 1 |  1.1
Stealth        | |  1.2

Action                     |  1- 3 |  4- 6 |  7- 9 || total
---------------------------+-------+-------+-------++-------
   Fire: Shortbow          |   111 |   102 |       ||   213
         Orcbow            |       |    92 |    22 ||   114
    Use: Scroll            |     4 |     3 |       ||     7
         Potion            |     1 |     6 |       ||     7
 Armour: Leather armour    |     4 |       |       ||     4
         Ring mail         |     5 |    71 |     4 ||    80
  Dodge: Dodged            |    24 |    86 |    12 ||   122

Table legend:
 A = Non-vault XP
 B = Vault XP
 C = Vault XP percentage of total XP
 D = Non-vault monster count
 E = Vault monster count
 F = Vault count percentage of total count
                 A         B        C        D         E       F
            +---------+---------+-------+---------+---------+-------
      Total |     505 |     668 |  56.9 |      74 |      19 |  20.4
            +---------+---------+-------+---------+---------+-------
        D:1 |      44 |       0 |   0.0 |      24 |       0 |   0.0
        D:2 |      35 |       0 |   0.0 |      13 |       0 |   0.0
        D:3 |     103 |       0 |   0.0 |      20 |       0 |   0.0
        D:4 |     120 |     281 |  70.1 |      13 |      16 |  55.2
        D:5 |     203 |     387 |  65.6 |       4 |       3 |  42.9
            +---------+---------+-------+---------+---------+-------
